[Event "Late-Titled-Tuesday-Blitz-April-02-2024"]
[Site "Chess.com"]
[Date "2024.04.02"]
[Round "8"]
[White "mightysmasher"]
[Black "DinaBelenkaya"]
[Result "0-1"]
[WhiteElo "2567"]
[BlackElo "2471"]
[TimeControl "180+1"]
[EndTime "15:28:00 PDT"]
[Termination "DinaBelenkaya won by checkmate"]

1. e4 c6 2. d4 d5 3. Nd2 dxe4 4. Nxe4 Nf6 5. Nxf6+ gxf6 6. c3 Rg8 7. Nf3 Bg4 8.
Be3 Qd5 9. Be2 Nd7 10. Qd2 O-O-O 11. c4 Qh5 12. O-O-O Nb6 13. b3 e5 14. h3 Ba3+ 15.
Kb1 Bf5+ 16. Ka1 Rxg2 17. Ne1 Qg6 18. Nxg2 Qxg2 19. Rhg1 Qxh3 20. Qa5 Bd6 21. Rh1 Qg2 22. c5 exd4 23. Bxd4 Nc4 24. Bxc4 Bc7 25. Qc3 Rxd4 26. Rxd4 Qxh1+ 27. Kb2 Be5 28. Ka3 Bxd4 29. Qxd4 Qe4 30. Qxf6 Bg6 31. Qh8+ Kc7 32. Qf8 Qf5 33. Qd6+ Kc8 34.
f4 Qd7 35. Qe5 h5 36. Qh8+ Qd8 37. Qe5 Qd7 38. Bf1 b6 39. Ba6+ Kd8 40. cxb6 axb6 41.
Qb8+ Ke7 42. Qxb6 Qd6+ 43. Qb4 Qxb4+ 44. Kxb4 h4 45. Bf1 Be4 46. Kc5 Kd7 47. Kd4 f5 48. a4 Kc7 49. b4 Kb6 50. a5+ Kb7 51. Ke5 Kc7 52. Kf6 Kb7 53. Kg5 c5 54. b5 c4 55.
Bxc4 h3 56. a6+ Ka7 57. b6+ Kxb6 58. Bd3 Ka7 59. Bxe4 fxe4 60. Kh4 h2 61. f5 h1=Q+ 62.
Kg5 Qf1 63. f6 e3 64. f7 e2 65. Kg6 Qxf7+ 66. Kxf7 e1=Q 67. Kf6 Qa5 68. Kg6 Kxa6 69. Kf6 Kb7 70. Ke7 Kc7 71. Kf6 Kc6 72. Kg6 Kd7 73.
Kf6 Kd6 74. Kg6 Ke6 75. Kg7 Ke7 76. Kg6 Qb5 77. Kg7 Qg5+ 78. Kh7 Kf7 79. Kh8 Qg4 80. Kh7 Qg3 81. Kh8 Qg2 82. Kh7 Qh1# 0-1

[Event "Late-Titled-Tuesday-Blitz-April-02-2024"]
[Site "Chess.com"]
[Date "2024.04.02"]
[Round "8"]
[White "MarceloPlaya"]
[Black "KnightDuta"]
[Result "1-0"]
[WhiteElo "2434"]
[BlackElo "2721"]
[TimeControl "180+1"]
[EndTime "15:28:00 PDT"]
[Termination "MarceloPlaya won on time"]

1. e4 c5 2. Nf3 Nc6 3. d4 cxd4 4. Nxd4 Nf6 5. Nc3 e5 6. Ndb5 d6 7. Bg5 a6 8. Na3 b5 9. Nd5 Be7 10. Nxe7 Nxe7 11. Bd3 Bb7 12. Qe2 d5 13. Bxf6 gxf6 14. O-O-O b4 15. Nb1 Qa5 16. exd5 Bxd5 17. Bc4 Rc8 18.
Bxd5 Nxd5 19. Qe4 Ne7 20. Rd6 Qxa2 21. Qxb4 O-O 22. Rxf6 Ng6 23. Rd1 Rc4 24. Qa3 Qxa3 25. Nxa3 Rh4 26. h3 Kg7 27. Rxa6 e4 28. Nc4 Rf4 29. Rd2 Rc8 30. Ne3 Ne5 31. Kb1 Nc4 32. Nxc4 Rxc4 33. Ra7 Rc6 34. b3 Rg6 35. g3 Rf3 36. Kb2 e3 37. fxe3 Rgxg3 38. e4 Rxh3 39. e5 Kg6 40. Rg2+ Kh6 41. Ra6+ Kh5 42. Rf6 Rxf6 43. exf6 Rf3 44. Rg7 Rxf6 45. Rxh7+ Kg6 46. Rh8 Rc6 47. b4 f5 48. Rg8+ Kf7 49. Rg3 Rc4 50. Kb3 Rg4 51. Rf3 f4 52. c3 Ke6 53. b5 Kd5 54. Kb4 Ke4 55. Rf1 f3 56. b6 Kd3+ 57. Kb5 Ke2 58. Rc1 f2 59. Rc2+ Ke1 60. Rxf2 Kxf2 61.
b7 Rg8 62. c4 Ke3 63. c5 Kd4 64. c6 1-0

[Event "Late-Titled-Tuesday-Blitz-April-02-2024"]
[Site "Chess.com"]
[Date "2024.04.02"]
[Round "8"]
[White "temus_galaktionov"]
[Black "TigrVShlyape"]
[Result "1/2-1/2"]
[WhiteElo "2865"]
[BlackElo "2950"]
[TimeControl "180+1"]
[EndTime "15:28:01 PDT"]
[Termination "Game drawn - insufficient material"]

1. d4 f5 2. c4 Nf6 3. Nf3 g6 4. g3 Bg7 5. Bg2 d6 6. O-O O-O 7. Nc3 c6 8. Qb3 Kh8 9. Bf4 a5 10. d5 Nh5 11. Be3 c5 12. Rad1 Na6 13. Bc1 f4 14.
Ng5 Nc7 15. Nb5 a4 16. Qd3 Nxb5 17. cxb5 Qe8 18. Ne6 Bxe6 19. dxe6 Ra5 20. b6 Qb5 21. Bxb7 Qxd3 22. Rxd3 Rb5 23. Bd5 Rxb6 24. b3 axb3 25. axb3 Be5 26. Bc4 Kg7 27. Kg2 g5 28. Rg1 Kf6 29.
Rf1 Ng7 30. e3 Nxe6 31. exf4 gxf4 32. Re1 fxg3 33. hxg3 Nc7 34. f4 Bd4 35. Be3 d5 36.
Rxd4 dxc4 37. Rxc4 Rxb3 38. Bxc5 Ne6 39. Bf2 Rd8 40.
Re2 Rd6 41. Rce4 h5 42. Kh3 Rb5 43. Kh4 Rbd5 44. Re5 Kf7 45. Kxh5 Rxe5+ 46. Rxe5 Rd2 47. Be3 Re2 48. Kg4 Ng7 49. Kf3 Re1 50. Rb5 Ne8 51. g4 Nd6 52. Rb3 Nc4 53. Bd4 Nd2+ 54. Kf2 Nxb3 55.
Kxe1 Nxd4 56. Kf2 Kf6 57. Ke3 Ne6 58. Ke4 Nc5+ 59. Kd5 Nd7 60. Ke4 Nf8 61. Kd4 e6 62.
Ke4 Nd7 63. Kd4 Kg6 64. Ke4 Kf6 65. Kd4 Nb6 66. Ke4 Nc4 67. Kd4 Nd2 68. Ke3 Nf1+ 69. Ke4 Nh2 70. g5+ Kg6 71. Ke5 Kf7 72. g6+ Ke7 73. g7 Ng4+ 74. Ke4 Nh6 75. Ke5 Kf7 76. g8=Q+ Nxg8 77. f5 exf5 78. Kxf5 1/2-1/2

[Event "Late-Titled-Tuesday-Blitz-April-02-2024"]
[Site "Chess.com"]
[Date "2024.04.02"]
[Round "8"]
[White "fmcabralis"]
[Black "martabartel"]
[Result "1-0"]
[WhiteElo "2391"]
[BlackElo "2224"]
[TimeControl "180+1"]
[EndTime "15:28:01 PDT"]
[Termination "fmcabralis won by resignation"]

1. e4 c5 2. Nf3 Nc6 3. d4 cxd4 4.
Nxd4 Nf6 5. Nc3 d6 6. Bg5 e6 7.
Qd2 a6 8. O-O-O Bd7 9. f4 h6 10.
Bxf6 Qxf6 11. Nb3 Qd8 12. g4 Qc7 13. Bg2 Be7 14. h4 Rc8 15. g5 h5 16. Kb1 b5 17.
Bh3 g6 18. Rhf1 b4 19. Ne2 a5 20. f5 gxf5 21. exf5 exf5 22. Bxf5 Ne5 23. Nbd4 O-O 24. Bxd7 Qxd7 25. Nf5 Qe6 26. Ned4 Qd7 27. Qe2 Bd8 28. Qxh5 Qc7 29. Nh6+ Kg7 30. Ndf5+ Kh8 31. Nxf7+ Kg8 32.
N7h6+ Kh8 33. Nf7+ Kg8 34. Nxe5 Qxc2+ 35. Ka1 Rxf5 36. Qg6+ Kh8 37. Qxf5 Qxf5 38. Rxf5 dxe5 39. Rf8+ Kg7 40. Rfxd8 Rc2 41. Kb1 Rh2 42. R8d5 a4 43. Rxe5 b3 44. axb3 axb3 45. Re3 Rxh4 46. Rxb3 Rg4 47.
Rc3 Rxg5 48. Rdd3 Rb5 49. Kc2 Kf6 50. b3 Ke5 51. Rc4 Ke6 52. Kc3 Ke7 53. b4 Rb8 54. Re4+ Kf6 55. Rf3+ Kg5 56. Rc4 Ra8 57. Rd3 Ra3+ 58.
Kd4 Ra1 59. Kc5 Re1 60. Rd5+ Kf6 61. Kb6 Ke6 62. Ra5 Rd1 63. Rc6+ Kd7 64. Rcc5 Ke6 65. b5 Kd7 66. Rc7+ Kd6 67. Rc6+ Kd5 68. Ra8 Rb1 69.
Rd8+ Ke5 70. Rc5+ Ke6 71. Kc6 Ke7 72. Rd7+ Ke8 73. Rdd5 Ke7 74. b6 Ke6 75. b7 Ke7 76.
Kc7 Ke8 77. b8=Q+ Rxb8 78. Kxb8 1-0

[Event "Late-Titled-Tuesday-Blitz-April-02-2024"]
[Site "Chess.com"]
[Date "2024.04.02"]
[Round "8"]
[White "rasmussvane"]
[Black "NikitaShnadrygin"]
[Result "0-1"]
[WhiteElo "2875"]
[BlackElo "2694"]
[TimeControl "180+1"]
[EndTime "15:28:03 PDT"]
[Termination "NikitaShnadrygin won on time"]

1. e4 c5 2. Nc3 e6 3. Nge2 Nc6 4. g3 d5 5. exd5 exd5 6. Bg2 Nf6 7. d4 cxd4 8. Nxd4 Bc5 9. Nb3 Bb6 10. O-O O-O 11. Bg5 Be6 12. Na4 h6 13. Nxb6 axb6 14. Be3 Ne5 15.
Bd4 Nc4 16. Nd2 b5 17. Re1 Re8 18. Nxc4 bxc4 19. b3 Ne4 20. bxc4 Qa5 21. Re3 Rad8 22. Qe1 Qa4 23. cxd5 Bxd5 24. c3 f5 25. f3 Nd6 26.
Qe2 f4 27. Rxe8+ Rxe8 28. Qd2 fxg3 29. hxg3 Nf5 30. Bf2 Qc6 31. g4 Bxf3 32. Bxf3 Qxf3 33. gxf5 Qg4+ 34. Kh2 Qh5+ 35. Kg2 Qg4+ 36. Bg3 Re2+ 37. Qxe2 Qxe2+ 38. Kg1 Qe3+ 39. Bf2 Qxc3 40. Rb1 Qc6 41. Rb4 Qd5 42. a4 h5 43. f6 gxf6 44. Rd4 Qf3 45. Rb4 Kf7 46. Rd4 Kg6 47. Rb4 Qc6 48. Rd4 Qc1+ 49.
Kg2 Kf5 50. Rh4 Qc6+ 51. Kg1 Kg6 52. Rd4 Qc2 53. Rh4 Qe2 54. Rd4 Kg5 55. Bh4+ Kf5 56. Bf2 Qc2 57. Rh4 Kg5 58. Rd4 f5 59. Be3+ Kf6 60.
Bf2 Ke5 61. Rb4 Qc1+ 62. Kg2 Qc6+ 63. Kg1 f4 64. Rb5+ Ke4 65. Rb4+ Kf3 66. Rb3+ Kg4 67.
a5 Qc1+ 68. Kg2 Qc4 69. Rb6 Qe4+ 70. Kg1 h4 71. Rb3 h3 72. Kf1 Qc4+ 73. Ke1 Qxb3 74. a6 bxa6 75. Ke2 h2 76. Be3 h1=Q 0-1

[Event "Late-Titled-Tuesday-Blitz-April-02-2024"]
[Site "Chess.com"]
[Date "2024.04.02"]
[Round "8"]
[White "MikaelyanArman"]
[Black "Mikhail_Golubev"]
[Result "1-0"]
[WhiteElo "2817"]
[BlackElo "2627"]
[TimeControl "180+1"]
[EndTime "15:28:10 PDT"]
[Termination "MikaelyanArman won on time"]

1. e3 g6 2. h4 Nf6 3. g4 d5 4. g5 Nh5 5. Be2 Bg7 6. Bxh5 gxh5 7. Qxh5 c5 8. d3 Nc6 9. Qd1 h5 10. Nc3 Bg4 11. f3 Be6 12. Nge2 d4 13. Ne4 dxe3 14. Bxe3 b6 15. c3 Qd7 16. Nf4 O-O-O 17. Qa4 Ne5 18.
Qxd7+ Bxd7 19. Ke2 Bb5 20. Rhd1 Rd7 21. c4 Bc6 22. b3 f5 23. gxf6 exf6 24. Rg1 Nxf3 25. Kxf3 f5 26. Rad1 Rf8 27. Ke2 fxe4 28. dxe4 Rxd1 29.
Kxd1 Bf6 30. Ng6 Rd8+ 31. Kc1 Bxe4 32. Bg5 Rd6 33. Bxf6 Rxf6 34. Ne7+ Kd8 35. Rg7 Re6 36. Nd5 Bxd5 37. cxd5 Re5 38. Rxa7 Rxd5 39. Rh7 b5 40.
Kc2 b4 41. Rh6 Kc7 42. Kb2 Rd2+ 43. Kb1 Rd5 44. Kc2 Kb7 45. Kc1 Kc7 46. Kb2 Kb7 47. a4 bxa3+ 48. Kxa3 Ka7 49. Kb2 Kb7 50. Kc3 Kc7 51. Kc2 Kb7 52. Kb2 Kc7 53. Kc3 Kb7 54.
Kc4 Rd4+ 55. Kxc5 Rxh4 56. b4 Rh1 57. Rh7+ Kc8 58. Kb6 h4 59. b5 h3 60. Rh8+ Kd7 61.
Kb7 h2 62. b6 Ke7 63. Rh6 Kd7 64. Rh7+ Kd6 65. Rh3 Kd7 66. Rd3+ Ke7 67. Rd2 Ke6 68. Rb2 Ke7 69. Kb8 Ke6 70. b7 Kd7 71. Rd2+ Kc6 72.
Kc8 Rg1 73. Rc2+ Kd5 74. Rxh2 Rg8+ 75. Kc7 Rg7+ 76. Kb6 Rg6+ 77. Ka7 1-0

[Event "Late-Titled-Tuesday-Blitz-April-02-2024"]
[Site "Chess.com"]
[Date "2024.04.02"]
[Round "8"]
[White "Sargsyan_Shant"]
[Black "Hikaru"]
[Result "1-0"]
[WhiteElo "2984"]
[BlackElo "3248"]
[TimeControl "180+1"]
[EndTime "15:28:16 PDT"]
[Termination "Sargsyan_Shant won by resignation"]

1. c4 f5 2. Nf3 Nf6 3. Nc3 g6 4. g3 Bg7 5. Bg2 d6 6. d4 O-O 7. O-O c6 8. b3 Qa5 9. Bd2 Qc7 10. d5 e5 11. dxe6 Bxe6 12. Rc1 Rd8 13. Ng5 Bc8 14. Re1 h6 15. Nh3 Qf7 16. e4 fxe4 17.
Nxe4 Nxe4 18. Rxe4 Nd7 19. Ba5 b6 20. Bc3 Nf6 21.
Re1 Bg4 22. Qc2 Bf5 23. Qb2 Rac8 24. Nf4 g5 25. Ne2 Be4 26. Nd4 Re8 27. f3 Bd3 28.
Bh3 g4 29. Bxg4 Nxg4 30. fxg4 Rxe1+ 31. Rxe1 Re8 32. Qd2 Rxe1+ 33. Qxe1 d5 34. cxd5 Qxd5 35. Qe3 Qe4 36. Qxe4 Bxe4 37. Kf2 Bb1 38. a3 Be4 39.
b4 Bd5 40. Ke3 Bf8 41. Nf5 c5 42. h4 Kh7 43. Kf4 Kg6 44. h5+ Kh7 45. g5 hxg5+ 46.
Kxg5 cxb4 47. axb4 Bf3 48. g4 Bd1 49. Kh4 Bc2 50. Kg5 Bd1 51. Kf4 Kg8 52. Be1 Kh7 53.
Kg3 Kg8 54. Bd2 Bc2 55. Bc3 Kh7 56. Kf4 Bd1 57. Kg3 Bc2 58. Kh4 Bd3 59. Bd2 Bc2 60.
Be1 Bd3 61. Bc3 Bc2 62. Ne3 Be7+ 63. g5 Bd3 64. Kg4 Be2+ 65. Kh4 a5 66. bxa5 bxa5 67. Bxa5 Bf3 68. Bc3 Be2 69. Bf6 Bb4 70. g6+ Kg8 71.
Kg5 Bd2 72. Bd4 Bxe3+ 73. Bxe3 Bd3 74. h6 1-0

[Event "Late-Titled-Tuesday-Blitz-April-02-2024"]
[Site "Chess.com"]
[Date "2024.04.02"]
[Round "8"]
[White "protectiago"]
[Black "cthake"]
[Result "1-0"]
[WhiteElo "2063"]
[BlackElo "1817"]
[TimeControl "180+1"]
[EndTime "15:28:23 PDT"]
[Termination "protectiago won by checkmate"]

1. d4 Nf6 2. c4 c5 3. d5 e6 4. Nc3 exd5 5. cxd5 d6 6. g3 g6 7. Bg2 Bg7 8. Qa4+ Nbd7 9. Nf3 O-O 10. O-O a6 11.
Bf4 Nb6 12. Qd1 Nh5 13. Bg5 f6 14. Bc1 f5 15. Bg5 Nf6 16. Nd2 h6 17. Bxf6 Qxf6 18. Qb3 Nd7 19. e4 f4 20. Nf3 Ne5 21. Nxe5 Qxe5 22. Na4 b5 23. Nb6 Rb8 24. Nxc8 Rfxc8 25. Rab1 a5 26. Qf3 Rf8 27. Qg4 Kh7 28. Qd7 Rfd8 29. Qc7 Rdc8 30. Qxa5 b4 31. a3 b3 32. Qd2 Rf8 33. Qd3 Rfc8 34. gxf4 Qxf4 35. Qg3 Qf6 36. Bh3 Re8 37. Be6 Qe5 38. Qxe5 Bxe5 39. f4 Bd4+ 40.
Kg2 Rf8 41. Kg3 Rb5 42. Rf3 Rb6 43. h4 Kg7 44. h5 g5 45. fxg5 Rxf3+ 46. Kxf3 hxg5 47.
Kg4 Kh6 48. Kf5 c4 49. Bf7 c3 50. bxc3 Bxc3 51. Ke6 b2 52. Bg6 Bd2 53. e5 dxe5+ 54. Kxe5 Bf4+ 55. Kd4 Rb3 56. Kc4 Rh3 57. Rxb2 Re3 58. Ra2 Re1 59. a4 Rc1+ 60. Kb5 Rd1 61. Kc6 Rc1+ 62. Kd7 Rc7+ 63. Ke6 g4 64. d6 Rc6 65. a5 Rxd6+ 66. Kf5 g3 67. Kxf4 Ra6 68. Kxg3 Kg5 69. Kf3 Kf6 70. Ke4 Kg7 71. Kd4 Kf6 72. Kc5 Ke7 73. Kb5 Rf6 74. Re2+ Kd6 75. Rc2 Kd7 76. a6 Kd8 77. a7 Rf1 78. Ra2 Rf6 79. a8=Q+ Kc7 80. Rc2+ Kd6 81. Qa6+ Ke5 82. Rc5+ Kd4 83.
Qxf6+ Ke3 84. Qe5+ Kf2 85. Rc3 Kg2 86. Qd5+ Kf1 87.
Qd2 Kg1 88. Rc1# 1-0

[Event "Late-Titled-Tuesday-Blitz-April-02-2024"]
[Site "Chess.com"]
[Date "2024.04.02"]
[Round "8"]
[White "Kacparov"]
[Black "Msb2"]
[Result "1-0"]
[WhiteElo "2947"]
[BlackElo "3034"]
[TimeControl "180+1"]
[EndTime "15:28:25 PDT"]
[Termination "Kacparov won by checkmate"]

1. e4 e6 2. d4 d5 3. Nd2 c5 4. exd5 Qxd5 5. dxc5 Nf6 6. Ngf3 Qxc5 7. Bd3 Nbd7 8. O-O Qc7 9. Qe2 Nc5 10. Bc4 Bd6 11. b3 O-O 12. Bb2 b6 13. Ne5 Bb7 14. Rae1 Nce4 15. Nxe4 Nxe4 16. Nf3 Bb4 17. Be5 Qe7 18. Rd1 Nc3 19. Bxc3 Bxc3 20. Ba6 Rac8 21. Bxb7 Qxb7 22. Rd3 b5 23. Ng5 Bf6 24. Ne4 Be7 25. Rfd1 Rc7 26. Nd6 Qc6 27. c4 a6 28. R3d2 bxc4 29. Nxc4 Qc5 30.
g3 g6 31. Rd7 Bf6 32. Qf3 Kg7 33. h4 h5 34. Kg2 Rfc8 35. R1d6 Rxd7 36. Rxd7 Rc7 37.
Rxc7 Qxc7 38. Qe4 Qd7 39. Ne3 Qd2 40. Qc2 Qd7 41. Qc4 Bd4 42. Nc2 Qb7+ 43. Kg1 Bf6 44. Nb4 a5 45. Nc6 Qb6 46. Kg2 Kg8 47. a3 Bb2 48. b4 axb4 49. axb4 Ba3 50. b5 Bc5 51. Qe2 Qb7 52. Kg1 Qb6 53. Ne5 Qb7 54. Nf3 Qb6 55. Ng5 Be7 56. Ne4 Qb7 57. Nd2 Bc5 58. Nf3 Qb6 59. Kg2 Qb7 60. Qc4 Be7 61. Qd3 Bf6 62. Kg1 Kf8 63. Ne1 Kg7 64. Ng2 Be5 65. Ne3 Qb6 66. Qe2 Bf6 67. Ng2 Qc5 68. Ne1 Qc1 69. Kg2 Qc7 70. Nf3 Qb7 71. Qc4 Qb6 72. Qc6 Bd8 73. Ne5 Qd4 74. Nf3 Qa7 75. Qe4 Bb6 76. Qe5+ Kg8 77. Qe2 Qb7 78. Kg1 Qa7 79.
Kg2 Qb7 80. Kg1 Qa7 81. Ng5 Qb7 82. Ne4 Qa7 83. Kh2 Qb7 84. Qf3 Bd4 85. Nf6+ Bxf6 86. Qxb7 Kg7 87. Qc6 Bxh4 88. gxh4 Kf6 89. b6 Kf5 90. b7 Kg4 91. b8=Q f5 92. Qg3# 1-0

[Event "Late-Titled-Tuesday-Blitz-April-02-2024"]
[Site "Chess.com"]
[Date "2024.04.02"]
[Round "8"]
[White "DeArron_Fox"]
[Black "cedchass2006"]
[Result "1/2-1/2"]
[WhiteElo "2533"]
[BlackElo "2428"]
[TimeControl "180+1"]
[EndTime "15:29:01 PDT"]
[Termination "Game drawn - insufficient material"]

1. d4 Nf6 2. c4 e6 3. Nf3 d5 4.
Nc3 dxc4 5. e3 a6 6. Bxc4 b5 7. Bb3 Bb7 8. O-O c5 9. e4 cxd4 10. Nxd4 Nc6 11. Nxc6 Bxc6 12. Qe2 Be7 13. Rd1 Qc7 14.
Nd5 exd5 15. exd5 Bxd5 16. Bxd5 Nxd5 17. Rxd5 O-O 18. Be3 Bf6 19. Rc1 Qa5 20. b3 Rac8 21. Rxc8 Rxc8 22. g3 Qc3 23. Rd6 a5 24. Qxb5 Qa1+ 25.
Kg2 Qxa2 26. Ra6 Qc2 27. Qd5 Qc3 28. Rxa5 g6 29. Ra7 Qc6 30. Qxc6 Rxc6 31. b4 Rc4 32. b5 Bd4 33. Bxd4 Rxd4 34. b6 Rb4 35. b7 Kg7 36.
Kf3 h5 37. Ke3 Rb1 38. Kd4 Kf6 39. Kc5 Kf5 40. Kc6 Rc1+ 41. Kd7 Rb1 42. Kc7 Rc1+ 43.
Kd7 Rb1 44. Ra5+ Kg4 45. Kc6 Rxb7 46. Kxb7 Kf3 47. Kc6 Kxf2 48. Ra7 f6 49. Rg7 g5 50.
Rg6 Kg2 51. Rxf6 Kxh2 52. Rf5 g4 53. Rxh5+ Kxg3 54. Kd5 Kf2 55. Ke4 g3 56. Rf5+ Kg1 57.
Kf3 g2 58. Rg5 Kh1 59. Rh5+ Kg1 60. Rd5 Kh1 61. Rh5+ Kg1 62. Rh4 Kf1 63. Ra4 g1=N+ 64. Ke3 Kg2 65. Rg4+ Kf1 66. Rg3 Ne2 67. Rh3 Kg2 68.
Rh5 Ng3 69. Rg5 Kh3 70. Rg8 Kh4 71. Kf4 Nh5+ 72. Kf3 Nf6 73. Rg6 Nh5 74. Rg4+ Kh3 75. Ra4 Ng7 76. Ra5 Kh4 77. Kf4 Ne6+ 78. Kf5 Nd4+ 79.
Ke4 Ne2 80. Kf3 Nd4+ 81. Kf4 Ne2+ 82. Ke3 Ng3 83. Kf3 Nh5 84. Rf5 Ng7 85. Rf7 Ne6 86. Rf6 Ng5+ 87. Kf4 Nh3+ 88. Kf5 Kg3 89. Ra6 Nf2 90.
Ra3+ Kg2 91. Kf4 Nh3+ 92. Ke3 Ng5 93. Ra4 Kg3 94. Ra5 Kg4 95. Ra8 Kf5 96. Ra5+ Kf6 97. Kf4 Ne6+ 98. Ke4 Ng5+ 99. Kf4 Ne6+ 100. Kg4 Ke7 101.
Kf5 Nd4+ 102. Ke4 Nc6 103. Rb5 Kd6 104. Rh5 Kc7 105. Kd5 Ne7+ 106. Kc5 Kd7 107. Rh6 Ke8 108. Ra6 Kd7 109. Rb6 Ke8 110. Kd6 Nc8+ 111. Kc7 Nxb6 1/2-1/2

[Event "Late-Titled-Tuesday-Blitz-April-02-2024"]
[Site "Chess.com"]
[Date "2024.04.02"]
[Round "8"]
[White "AjedrezenMadrid"]
[Black "OlaaLa"]
[Result "1/2-1/2"]
[WhiteElo "2554"]
[BlackElo "2399"]
[TimeControl "180+1"]
[EndTime "15:29:18 PDT"]
[Termination "Game drawn by repetition"]

1. Nf3 c5 2. b3 d5 3. e3 Nc6 4.
Bb5 Bd7 5. c4 d4 6. exd4 Nxd4 7.
Nxd4 cxd4 8. Bxd7+ Qxd7 9. O-O g6 10. d3 Bg7 11. b4 Nf6 12. a4 O-O 13. b5 e5 14. Nd2 Rfe8 15. Ba3 Rac8 16. Re1 Qf5 17. Qe2 Nh5 18. g3 Nf6 19. c5 Nd5 20. Nc4 Nc3 21. Qd2 Bf8 22. Nd6 Bxd6 23. cxd6 Rcd8 24. Bb4 Nd5 25.
Re4 Nf6 26. Re2 Ng4 27. Rae1 Qh5 28. h4 f6 29. Qa2+ Kg7 30. Qd5 Rd7 31. a5 g5 32.
hxg5 Qh2+ 33. Kf1 e4 34. gxf6+ Kh8 35. Rc2 Qh1+ 36. Ke2 Qf3+ 37. Kd2 e3+ 38. Rxe3 dxe3+ 39. fxe3 Qxd5 40. e4 Qg5+ 41. Ke2 Nxf6 42. Bd2 Kg8 43.
Bxg5 Nxe4 44. dxe4 Rxe4+ 45. Kf3 Re8 46. Be7 Kf7 47.
b6 axb6 48. axb6 Ke6 49. Rc7 Rxd6 50. Bxd6 Kxd6 51. Rxb7 Kc6 52. Rxh7 Kxb6 53. Rd7 Kc6 54. Rd1 Rf8+ 55. Kg2 Rg8 56. Rd4 Kc5 57. Rd1 Kc4 58. Kf3 Rf8+ 59. Kg4 Rg8+ 60. Kh3 Rh8+ 61. Kg2 Rg8 62.
Rd7 Kc5 63. Kh3 Rh8+ 64. Kg4 Rg8+ 65. Kf4 Rf8+ 66. Ke3 Rg8 67. Kf3 Kc6 68. Rd4 Kc5 69. Rg4 Re8 70. Re4 Rg8 71. g4 Kd5 72. Re1 Rf8+ 73. Kg3 Rg8 74. Re7 Kd6 75. Rh7 Ke6 76. Kh4 Kf6 77. Kh5 Rg5+ 78. Kh4 Rg8 79. Ra7 Rh8+ 80.
Kg3 Rb8 81. Rh7 Kg5 82. Rg7+ Kf6 83. Rc7 Kg5 84. Rc5+ Kg6 85. Kh4 Rh8+ 86. Kg3 Rb8 87. Rc6+ Kg5 88. Rc3 Rb5 89. Rf3 Rb8 90. Rf5+ Kg6 91.
Kh4 Rh8+ 92. Kg3 Rb8 93. Ra5 Rc8 94. Kf4 Rf8+ 95. Kg3 Rb8 96. Kh3 Rh8+ 97. Kg2 Rb8 98. Kg3 Rc8 99. Rh5 Rb8 100. Kh4 Rb1 101. Rg5+ Kh6 102. Ra5 Rh1+ 103. Kg3 Kg6 104. Ra2 Kg5 105. Ra5+ Kg6 106. Ra3 Kg5 107. Ra5+ Kg6 1/2-1/2

[Event "Late-Titled-Tuesday-Blitz-April-02-2024"]
[Site "Chess.com"]
[Date "2024.04.02"]
[Round "9"]
[White "Akhayan"]
[Black "Navyblue1"]
[Result "1-0"]
[WhiteElo "2449"]
[BlackElo "2282"]
[TimeControl "180+1"]
[EndTime "15:37:26 PDT"]
[Termination "Akhayan won by checkmate"]

1. e4 c5 2. Nf3 d6 3. d4 cxd4 4. Nxd4 Nf6 5. Nc3 a6 6. Bc4 b5 7.
Bb3 e6 8. O-O Be7 9. f4 O-O 10. e5 dxe5 11. fxe5 Nd5 12. Qh5 Nxc3 13. bxc3 Bb7 14. Rxf7 g6 15. Qxh7# 1-0

[Event "Late-Titled-Tuesday-Blitz-April-02-2024"]
[Site "Chess.com"]
[Date "2024.04.02"]
[Round "9"]
[White "Mikhail_Golubev"]
[Black "Balla_Tamas"]
[Result "1-0"]
[WhiteElo "2632"]
[BlackElo "2508"]
[TimeControl "180+1"]
[EndTime "15:37:52 PDT"]
[Termination "Mikhail_Golubev won by resignation"]

1. e4 c5 2. Nf3 Nc6 3. Nc3 g6 4. d4 cxd4 5. Nxd4 Bg7 6. Be3 Nf6 7. Bc4 d6 8. f3 O-O 9. Qd2 Bd7 10.
h4 Nxd4 11. Bxd4 Rc8 12. Bb3 h5 13. g4 hxg4 14. h5 e5 15. h6 exd4 16. hxg7 Kxg7 17.
Qh6+ 1-0

[Event "Late-Titled-Tuesday-Blitz-April-02-2024"]
[Site "Chess.com"]
[Date "2024.04.02"]
[Round "9"]
[White "The_Straightforward_Rook"]
[Black "Dhaydon19"]
[Result "0-1"]
[WhiteElo "2364"]
[BlackElo "2636"]
[TimeControl "180+1"]
[EndTime "15:38:19 PDT"]
[Termination "Dhaydon19 won by resignation"]

1. e4 b6 2. Nf3 Bb7 3. d3 e6 4. g3 Ne7 5. Bg2 c5 6. O-O d6 7.
Nbd2 g6 8. Re1 Bg7 9. c3 Nd7 10.
Nf1 Ne5 11. a4 a6 12. h4 h6 13. N1h2 N7c6 14. d4 Nxf3+ 15. Nxf3 O-O 16. h5 g5 17. d5 exd5 18. exd5 Ne7 19. Nh2 Qd7 20. f4 f6 21.
c4 Rae8 22. Ra3 Nf5 23. Bh3 Bc8 24. Rae3 Rxe3 25. Rxe3 Nxe3 0-1

[Event "Late-Titled-Tuesday-Blitz-April-02-2024"]
[Site "Chess.com"]
[Date "2024.04.02"]
[Round "9"]
[White "maurovargas01"]
[Black "CURRUTACO59"]
[Result "0-1"]
[WhiteElo "1885"]
[BlackElo "2253"]
[TimeControl "180+1"]
[EndTime "15:38:38 PDT"]
[Termination "CURRUTACO59 won by checkmate"]

1. e4 e5 2. Nf3 Nc6 3. Bc4 Bc5 4. O-O d6 5. c3 Nf6 6. d4 Bb6 7. d5 Ne7 8. Re1 Ng6 9. h3 h6 10. Nbd2 O-O 11. a4 a6 12. a5 Ba7 13. Nf1 Nh5 14.
Kh2 Qf6 15. g3 Bxf2 16. Re2 Qxf3 17. g4 Nhf4 18. Bxf4 Nxf4 19. Rxf2 Qxf2+ 20. Kh1 Qg2# 0-1

[Event "Late-Titled-Tuesday-Blitz-April-02-2024"]
[Site "Chess.com"]
[Date "2024.04.02"]
[Round "9"]
[White "RealPerangel"]
[Black "Bryanl106"]
[Result "0-1"]
[WhiteElo "2563"]
[BlackElo "2688"]
[TimeControl "180+1"]
[EndTime "15:39:02 PDT"]
[Termination "Bryanl106 won by resignation"]

1. e4 e5 2. d4 exd4 3. Qxd4 Nc6 4. Qe3 Nf6 5. Bd2 Bb4 6. c3 Ba5 7. c4 Bxd2+ 8. Nxd2 O-O 9. O-O-O d6 10. f3 a6 11. Ne2 b5 12. Nf4 bxc4 13. Nxc4 Qe7 14. g4 Be6 15. g5 Nd7 16. Rg1 Nde5 17. Qc3 Bxc4 18. Bxc4 Nxc4 19. Qxc4 Ne5 20. Qc3 c6 21. h4 a5 22. h5 f6 23. g6 h6 24. Rg2 Rfb8 25.
Rgd2 Rd8 26. Qb3+ Kh8 27. Qe6 Qa7 28. Rxd6 Qe3+ 29. Kb1 Re8 30. Qb3 Qxf4 31. Qb7 Qxf3 0-1

[Event "Late-Titled-Tuesday-Blitz-April-02-2024"]
[Site "Chess.com"]
[Date "2024.04.02"]
[Round "9"]
[White "ural58"]
[Black "burritus"]
[Result "1-0"]
[WhiteElo "2481"]
[BlackElo "2420"]
[TimeControl "180+1"]
[EndTime "15:39:03 PDT"]
[Termination "ural58 won by resignation"]

1. e4 d6 2. d4 Nf6 3. Nc3 g6 4.
Nf3 Bg7 5. Be3 O-O 6. h4 h5 7.
Qd2 Ng4 8. Bf4 a6 9. Nh2 Nxh2 10.
Rxh2 b5 11. Bh6 Bb7 12. Bxg7 Kxg7 13. g4 b4 14. Nd5 e6 15. Nf4 hxg4 16. h5 g5 17. h6+ Kh8 18. Nh5 Bxe4 19. Qxb4 Nc6 20. Qc3 d5 21. Qxc6 Rb8 22. O-O-O Qe7 23. Qc5 Qd7 24.
Nf6 Qa4 25. Nxe4 Qxa2 26. Nc3 1-0

[Event "Late-Titled-Tuesday-Blitz-April-02-2024"]
[Site "Chess.com"]
[Date "2024.04.02"]
[Round "9"]
[White "Veleamater"]
[Black "rikchessmx"]
[Result "1-0"]
[WhiteElo "2408"]
[BlackElo "2247"]
[TimeControl "180+1"]
[EndTime "15:39:12 PDT"]
[Termination "Veleamater won by resignation"]

1. e4 e5 2. Nf3 Nc6 3. Bc4 Bc5 4. O-O d6 5. h3 h6 6. d3 Qf6 7. Be3 Nge7 8. Nc3 O-O 9. Bxc5 dxc5 10. Nd5 Nxd5 11.
Bxd5 Ne7 12. Nh2 c6 13. Bb3 a5 14. c3 Ng6 15. Ng4 Qg5 16. Kh2 Nf4 17. Qf3 a4 18.
Bc2 f5 19. Nxe5 fxe4 20. Qxe4 Bf5 21. Qc4+ Kh7 22. Rg1 Bxh3 23. gxh3 Qxe5 24. d4+ Ng6+ 25. dxe5 Rxf2+ 26. Rg2 Rxc2 27. Rxc2 1-0

[Event "Late-Titled-Tuesday-Blitz-April-02-2024"]
[Site "Chess.com"]
[Date "2024.04.02"]
[Round "9"]
[White "Alexei_Gubajdullin"]
[Black "dedpihto_v_kozhanom_palto"]
[Result "1-0"]
[WhiteElo "2651"]
[BlackElo "2717"]
[TimeControl "180+1"]
[EndTime "15:39:26 PDT"]
[Termination "Alexei_Gubajdullin won by checkmate"]

1. Nf3 g6 2. d4 Bg7 3. Bf4 d6 4. e3 Nf6 5. Be2 O-O 6. O-O Nfd7 7.
h3 Nc6 8. Bh2 e5 9. c4 f5 10.
Nc3 Kh8 11. Rc1 e4 12. Nd2 Nf6 13. c5 dxc5 14. Nb5 cxd4 15. Nxc7 dxe3 16. Nxa8 exd2 17. Rc2 e3 18. fxe3 Ne4 19. Bf3 Be6 20. Bxe4 fxe4 21. Rxf8+ Qxf8 22. Nc7 Bxa2 23. Rxd2 Bf6 24. b3 Qa3 25.
Rd6 Bxb3 26. Qf1 Bg7 27. Rd7 Bg8 28. Rxg7 Kxg7 29. Ne8+ Kh8 30. Qf6# 1-0

[Event "Late-Titled-Tuesday-Blitz-April-02-2024"]
[Site "Chess.com"]
[Date "2024.04.02"]
[Round "9"]
[White "DinaBelenkaya"]
[Black "yobdc"]
[Result "0-1"]
[WhiteElo "2466"]
[BlackElo "2600"]
[TimeControl "180+1"]
[EndTime "15:39:26 PDT"]
[Termination "yobdc won by resignation"]

1. e4 d5 2. exd5 Qxd5 3. Nf3 Bg4 4. Be2 c6 5. O-O Nf6 6. d4 e6 7.
c4 Qd8 8. Nc3 Be7 9. Bf4 O-O 10.
Qd2 Nbd7 11. Rad1 Re8 12. h3 Bh5 13. Rfe1 Qa5 14. a3 Rac8 15. Nd5 Qxd2 16. Nxe7+ Rxe7 17. Rxd2 b5 18. Bd6 Ree8 19. c5 Ne4 20. Rdd1 Nxd6 21. cxd6 Red8 22. Ne5 Bxe2 23. Rxe2 Nb8 24. Rc2 Rxd6 25.
Rdc1 f6 26. Nxc6 Rdxc6 0-1